 Dungeon Crawl Stone Soup version 0.21-a0-404-g291f19a (webtiles) character file.

139 esteth the Magician (level 5, -1/55 HPs)
             Began as a Gnoll Wizard on Oct 30, 2017.
             Slain by an orc warrior
             ... wielding a +0 glaive
              (9 damage)
             ... on level 3 of the Dungeon.
             The game lasted 00:09:01 (3037 turns).

esteth the Magician (Gnoll Wizard)                  Turns: 3037, Time: 00:09:02

Health: -1/55      AC: 22    Str: 10    XL:     5   Next: 22%
Magic:  1/14       EV:  2    Int: 21    God:
Gold:   126        SH:  0    Dex: 18    Spells: 7/18 levels left

rFire    . . .     SeeInvis .   q - +0 hand axe
rCold    . . .     Gourm    .   (no shield)
rNeg     + + +     Faith    .   (armour currently unavailable)
rPois    +         Spirit   .   (helmet currently unavailable)
rElec    .         Reflect  .   (cloak currently unavailable)
rCorr    .         Harm     .   (gloves currently unavailable)
MR       .....     NoTele   +   (boots currently unavailable)
Stlth    ++++......             (no amulet)
HPRegen  0.18/turn              (no ring)
MPRegen  0.14/turn              (no ring)

@: agile, tree-form
A: distributed training, strong nose
a: no special abilities


You were on level 3 of the Dungeon.
You were not hungry.
You were a tree.
You visited 1 branch of the dungeon, and saw 3 of its levels.

You collected 126 gold pieces.

Inventory:

Hand Weapons
 q - a +0 hand axe (weapon)
Armour
 a - a +0 robe
 b - a +0 hat
 e - a +0 leather armour (melded)
 n - a +0 helmet (melded)
Scrolls
 g - 3 scrolls of identify
 t - 2 scrolls of blinking
Potions
 f - a potion of curing {unknown}
 j - a potion of heal wounds {unknown}
 l - a potion of lignification
 m - a potion of agility
 o - a potion of ambrosia {unknown}
 u - a potion of brilliance {unknown}
 x - a potion of flight
 z - a potion of cancellation {unknown}
Books
 c - a book of Minor Magic

   Spells                             Type                      Level
   a - Magic Dart                     Conjuration                  1
   b - Blink                          Translocation                2
   c - Call Imp                       Summoning                    2
   d - Slow                           Hexes                        2
   e - Conjure Flame                  Conjuration/Fire             3
   f - Mephitic Cloud                 Conjuration/Poison/Air       3
Comestibles
 d - 2 bread rations
 h - 3 royal jellies
 i - 2 chunks of flesh
 r - 2 meat rations


   Skills:
 + Level 1.4 Fighting
 + Level 1.4 Short Blades
 + Level 1.4 Long Blades
 + Level 1.4 Axes
 + Level 1.4 Maces & Flails
 + Level 1.4 Polearms
 + Level 1.4 Staves
 + Level 1.4 Slings
 + Level 1.4 Bows
 + Level 1.4 Crossbows
 + Level 1.4 Throwing
 + Level 1.4 Armour
 + Level 4.7 Dodging
 + Level 4.3 Stealth
 + Level 1.4 Shields
 + Level 1.4 Unarmed Combat
 + Level 7.2 Spellcasting
 + Level 2.3 Conjurations
 + Level 1.1 Hexes
 + Level 1.1 Charms
 + Level 2.3 Summonings
 + Level 1.1 Necromancy
 + Level 2.3 Translocations
 + Level 1.1 Transmutations
 + Level 1.1 Fire Magic
 + Level 1.1 Ice Magic
 + Level 1.1 Air Magic
 + Level 1.1 Earth Magic
 + Level 1.1 Poison Magic
 + Level 1.5 Invocations
 + Level 1.4 Evocations


You had 7 spell levels left.
You knew the following spells:

 Your Spells              Type           Power        Failure   Level  Hunger
a - Magic Dart            Conj           ###.         3%          1    None
b - Call Imp              Summ           ###.....     4%          2    None
c - Blink                 Tloc           N/A          4%          2    None
d - Mephitic Cloud        Conj/Pois/Air  ##......     14%         3    None
e - Conjure Flame         Conj/Fire      ###.....     12%         3    None


Dungeon Overview and Level Annotations

Branches:
Dungeon (3/15)

Altars:
Dithmenos
Gozag
Trog


Innate Abilities, Weirdness & Mutations

Your experience applies equally to all skills.
((You have very sharp teeth.))
Your uncanny sense of smell can sniff out nearby items.


Message History

* * * LOW HITPOINT WARNING * * *
Your crimson imp blinks!
What are your orders? t - Creak!
Orders for allies: a - Attack new target. p - Attack previous target. r - Retreat! s - Stop attacking. g - Guard the area. f - Follow me.
Anything else - Cancel.
Gang up on whom?
Press: ? - help, Dir - move target cursor, f/p - orc warrior
Aim: an orc warrior, wielding a glaive and wearing a plate armour (severely wounded) Attack!
The orc warrior hits you but does no damage.
The orc warrior hits you from afar with a glaive.
* * * LOW HITPOINT WARNING * * *
Your magical contamination has completely faded away.
The orc warrior hits you but does no damage.
Your white imp barely misses the orc warrior.
The orc warrior hits you from afar with a glaive!
You die...

#.....# ##...###########.#
#.##### ##'## #.# #.# #.# #.#
#.# #.############.#
##.###########5.............#
##...#...........#############
##......######.....#
#...........###)..##
##......###.###.♣## ##...#.#
#.....5# ##.##.#######.o#
####..........# ##########.#
#.# #.# #.# ######### #.#


You could see an orc warrior, a friendly crimson imp and a friendly white imp.

Vanquished Creatures
  A howler monkey zombie (D:3)
  2 adders (D:2)
  An ooze (D:1)
  A worm (D:3)
  3 dart slugs
  4 leopard geckos
  An orc (D:3)
  10 bats
  3 giant cockroaches
  8 goblins
  9 hobgoblins
  3 jackals (D:3)
  6 kobolds
  2 quokkas (D:3)
  A ball python (D:1)
  5 frilled lizards
  13 rats
73 creatures vanquished.

Vanquished Creatures (collateral kills)
  2 adders
  A worm (D:3)
  An orc (D:3)
  A kobold (D:2)
5 creatures vanquished.

Grand Total: 78 creatures vanquished

Notes
Turn   | Place    | Note
-------+----------+-------------------------------------------
     0 | D:1      | esteth the Gnoll Wizard began the quest for the Orb.
     0 | D:1      | Reached XP level 1. HP: 13/13 MP: 8/8
   185 | D:1      | Reached XP level 2. HP: 10/19 MP: 3/10
   242 | D:1      | Learned a level 2 spell: Call Imp
   245 | D:1      | Learned a level 2 spell: Blink
   646 | D:1      | Reached XP level 3. HP: 25/25 MP: 8/11
   900 | D:1      | Reached skill level 1 in Invocations
  1093 | D:2      | Learned a level 3 spell: Mephitic Cloud
  1097 | D:2      | Learned a level 3 spell: Conjure Flame
  1166 | D:2      | Reached skill level 1 in Fighting
  1166 | D:2      | Reached skill level 1 in Short Blades
  1166 | D:2      | Reached skill level 1 in Long Blades
  1166 | D:2      | Reached skill level 1 in Axes
  1166 | D:2      | Reached skill level 1 in Maces & Flails
  1166 | D:2      | Reached skill level 1 in Polearms
  1166 | D:2      | Reached skill level 1 in Staves
  1166 | D:2      | Reached skill level 1 in Slings
  1166 | D:2      | Reached skill level 1 in Bows
  1166 | D:2      | Reached skill level 1 in Crossbows
  1166 | D:2      | Reached skill level 1 in Throwing
  1166 | D:2      | Reached skill level 1 in Armour
  1166 | D:2      | Reached skill level 1 in Shields
  1166 | D:2      | Reached skill level 1 in Unarmed Combat
  1166 | D:2      | Reached skill level 1 in Evocations
  1168 | D:2      | Reached XP level 4. HP: 32/32 MP: 2/13
  2013 | D:3      | Reached skill level 1 in Hexes
  2013 | D:3      | Reached skill level 1 in Charms
  2013 | D:3      | Reached skill level 1 in Necromancy
  2013 | D:3      | Reached skill level 1 in Transmutations
  2013 | D:3      | Reached skill level 1 in Fire Magic
  2013 | D:3      | Reached skill level 1 in Ice Magic
  2013 | D:3      | Reached skill level 1 in Air Magic
  2013 | D:3      | Reached skill level 1 in Earth Magic
  2013 | D:3      | Reached skill level 1 in Poison Magic
  2019 | D:3      | Noticed an orc warrior
  2418 | D:3      | Reached XP level 5. HP: 37/37 MP: 5/14
  2698 | D:3      | Found a bloodstained altar of Trog.
  2698 | D:3      | Found an opulent altar of Gozag.
  2776 | D:3      | Found a shadowy altar of Dithmenos.
  3037 | D:3      | Slain by an orc warrior

Vault maps used:
D:1:      minmay_arrival_open_corners
D:2:      first_bread
D:3:      nicolae_dithmenos_through_a_glass_darkly,
          gammafunk_temple_overflow_wave

Skill      XL: |  1  2  3  4 |
---------------+-------------+-----
Conjurations   | 2 |  2.3
Summonings     | 2 |  2.3
Translocations | 2 |  2.3
Invocations    | 1 |  1.5
Fighting       | 1 |  1.4
Short Blades   | 1 |  1.4
Long Blades    | 1 |  1.4
Axes           | 1 |  1.4
Maces & Flails | 1 |  1.4
Polearms       | 1 |  1.4
Staves         | 1 |  1.4
Slings         | 1 |  1.4
Bows           | 1 |  1.4
Crossbows      | 1 |  1.4
Throwing       | 1 |  1.4
Armour         | 1 |  1.4
Shields        | 1 |  1.4
Unarmed Combat | 1 |  1.4
Evocations     | 1 |  1.4
Hexes          | 1 |  1.1
Charms         | 1 |  1.1
Necromancy     | 1 |  1.1
Transmutations | 1 |  1.1
Fire Magic     | 1 |  1.1
Ice Magic      | 1 |  1.1
Air Magic      | 1 |  1.1
Earth Magic    | 1 |  1.1
Poison Magic   | 1 |  1.1
Dodging        | |  4.7
Stealth        | |  4.3
Spellcasting   | |  7.2

Action                   |  1- 3 |  4- 6 || total
-------------------------+-------+-------++-------
Melee: Hand axe          |       |    18 ||    18
       Bite              |       |     3 ||     3
 Cast: Magic Dart        |    77 |    86 ||   163
       Call Imp          |     2 |    17 ||    19
       Conjure Flame     |       |     1 ||     1
       Mephitic Cloud    |       |     1 ||     1
  Use: Scroll            |       |     7 ||     7
       Potion            |       |     3 ||     3
  Eat: Chunk             |     1 |     5 ||     6
Armor: Robe              |       |     2 ||     2
       Skin              |       |     7 ||     7
       Leather armour    |       |     4 ||     4
Dodge: Dodged            |     4 |    34 ||    38

Table legend:
 A = Spawn XP
 B = Non-spawn XP
 C = Spawn XP percentage of total XP
 D = Spawn monster count
 E = Non-spawn monster count
 F = Spawn count percentage of total count
 G = Total turns spent on level
                    A         B        C        D         E        F      G
               +---------+---------+-------+---------+---------+-------+---------
         Total |       0 |     199 |   0.0 |       0 |      78 |   0.0 |  3037
               +---------+---------+-------+---------+---------+-------+---------
           D:1 |       0 |      59 |   0.0 |       0 |      31 |   0.0 |  1072
           D:2 |       0 |      73 |   0.0 |       0 |      24 |   0.0 |   909
           D:3 |       0 |      67 |   0.0 |       0 |      23 |   0.0 |  1056
               +---------+---------+-------+---------+---------+-------+---------
